 Dungeon Crawl Stone Soup version 0.19-a0-628-g9200b3b (webtiles) character file.

12838 Geppetto the Fighter (level 11, -10/110 HPs)
             Began as a White Draconian Gladiator on June 13, 2016.
             Was a Believer of Ashenzari.
             Killed by divine providence
             ... invoked by an orc priest
              (14 damage)
             ... on level 11 of the Dungeon.
             The game lasted 00:55:41 (15568 turns).

Geppetto the Fighter (White Draconian Gladiator)   Turns: 15568, Time: 00:55:42

Health: -10/110    AC: 12    Str: 17    XL:     11   Next: 67%
Magic:  11/11      EV: 25    Int: 10    God:    Ashenzari [**....]
Gold:   673        SH:  0    Dex: 19    Spells: 3 memorised, 3 levels left

rFire  x . .     SeeInvis .     a - +8 scimitar of Hell's Wrath {freeze, +Fly rElec rN+} (curse)
rCold  + + .     Gourm    .     (armour unavailable)
rNeg   + . .     Faith    +     (no shield)
rPois  .         Spirit   .     b - +0 hat (curse)
rElec  +         Dismiss  .     (no cloak)
rCorr  .         Reflect  .     o - +2 pair of gloves (curse)
SustAt +         Harm     .     n - +1 pair of boots (curse)
MR     .....                    h - amulet of faith (curse)
Stlth  +++.......               A - ring of sustain attributes
                                F - ring of ice

@: agile, lethally poisoned (-10 -> -11), short of breath, not resistant to
hostile enchantments, fairly stealthy
A: breathe frost, unfitting armour, cold resistance 1, cold-blooded, AC +7
a: Breathe Frost, Curse Item, Scrying, Renounce Religion, Evoke Flight


You were on level 11 of the Dungeon.
You worshipped Ashenzari.
Ashenzari was pleased with you.
You were not hungry.

You visited 1 branch of the dungeon, and saw 11 of its levels.
You also visited: Ice Cave.

You collected 673 gold pieces.

Inventory:

Hand Weapons
 a - the cursed +8 scimitar of Hell's Wrath (weapon) {freeze, +Fly rElec rN+}
   (You acquired it on level 9 of the Dungeon)

   It has been specially enchanted to freeze those struck by it, causing extra
   injury to most foes and up to half again as much damage against particularly
   susceptible opponents.
   It can also slow down cold-blooded creatures.
   It insulates you from electricity.
   It protects you from negative energy.
   It lets you fly.
   It has a curse placed upon it.
Missiles
 c - 3 throwing nets (quivered)
 i - 225 stones
 m - 11 tomahawks
 H - 2 javelins of returning
Armour
 b - a cursed +0 hat (worn)
 n - a cursed +1 pair of boots (worn)
 o - a cursed +2 pair of gloves (worn)
Jewellery
 e - an uncursed ring of ice
 h - a cursed amulet of faith (around neck)
 A - a ring of sustain attributes (right hand)
 F - a ring of ice (left hand)
Wands
 l - a wand of confusion (48/48)
 w - a wand of teleportation (3/9)
 x - a wand of digging (4/24)
 y - a wand of confusion (17/48)
 D - a wand of polymorph (10/24)
Scrolls
 f - 2 scrolls of enchant weapon
 s - 3 scrolls of identify
 u - a scroll of fog
 B - a scroll of recharging
Potions
 k - 3 potions of magic
 C - a potion of flight
Books
 j - a book of the Warp

   Spells                             Type                      Level
   a - Recall                         Summoning/Translocation      3
   b - Gell's Gravitas                Hexes/Translocation          3
   c - Force Lance                    Conjuration/Translocation    4
   d - Warp Weapon                    Charms/Translocation         5
   e - Summon Forest                  Summoning/Translocation      5
 p - a book of Changes

   Spells                             Type                      Level
   a - Beastly Appendage              Transmutation                1
   b - Sticks to Snakes               Transmutation                2
   c - Spider Form                    Transmutation/Poison         3
   d - Ice Form                       Ice/Transmutation            4
   e - Blade Hands                    Transmutation                5
 r - a book of Dreams

   Spells                             Type                      Level
   a - Ensorcelled Hibernation        Hexes/Ice                    2
   b - Silence                        Hexes/Air                    5
   c - Darkness                       Hexes                        6
   d - Shadow Creatures               Summoning                    6
 G - a book of Battle

   Spells                             Type                      Level
   a - Infusion                       Charms                       1
   b - Shroud of Golubria             Charms/Translocation         2
   c - Song of Slaying                Charms                       2
   d - Spectral Weapon                Hexes/Charms                 3
   e - Regeneration                   Charms/Necromancy            3
 J - Lehudib's Handbook of Attacks and Stones
   (You found it in an ice cave)

   Spells                             Type                      Level
   a - Sting                          Conjuration/Poison           1
   b - Throw Icicle                   Conjuration/Ice              4
   c - Fulminant Prism                Conjuration/Hexes            4
   d - Venom Bolt                     Conjuration/Poison           5
   e - Iron Shot                      Conjuration/Earth            6
 K - a book of Fire

   Spells                             Type                      Level
   a - Ignite Poison                  Fire/Transmutation/Poison    3
   b - Fireball                       Conjuration/Fire             5
   c - Bolt of Fire                   Conjuration/Fire             6
   d - Delayed Fireball               Conjuration/Fire             7
   e - Ring of Flames                 Charms/Fire                  7
Comestibles
 d - 5 bread rations
 g - 5 meat rations
 t - 5 beef jerkies
 z - 10 royal jellies
 I - 2 fruits


   Skills:
 - Level 14.0 Fighting
 * Level 11.0(13.0) Long Blades
 - Level 1.7 Throwing
 + Level 7.9(9.4) Dodging
 + Level 1.9 Charms


You had 3 spell levels left.
You knew the following spells:

 Your Spells              Type           Power        Failure   Level  Hunger
a - Regeneration          Chrm/Necr      #.........   86%         3    ####...
b - Shroud of Golubria    Chrm/Tloc      #.........   47%         2    ###....
c - Song of Slaying       Chrm           #.......     30%         2    ###....


Dungeon Overview and Level Annotations

Branches:
Dungeon (11/15)            Temple (0/1) D:7            Lair (0/6) D:8
    Orc (0/2) D:11

Altars:
Ashenzari
Cheibriados
Gozag
Hepliaklqana
Kikubaaqudgha
Nemelex Xobeh
Pakellas
Qazlal
Ru
Yredelemnul
Zin
The Shining One


Innate Abilities, Weirdness & Mutations

You can breathe waves of freezing cold.
You can buffet flying creatures when you breathe cold.
Your icy white scales are hard. (AC +7)
Your body does not fit into most forms of armour.
Your flesh is cold resistant. (rC+)
You are cold-blooded and may be slowed by cold attacks.


Message History

The orc warrior misses you.
Okay, then.
As you read the scroll of fear, it crumbles to dust.
You assume a fearsome visage.
The orc warrior resists with some effort.
The orc priest looks frightened!
The orc priest resists with some effort.
The soldier ant looks frightened!
The giant frog looks frightened!
The orc priest invokes the aid of Beogh against you.
Beogh smites you!
* * * LOW HITPOINT WARNING * * *
The orc warrior closely misses you.
You feel sick.
The orc priest invokes the aid of Beogh against you.
Beogh smites you!
* * * LOW HITPOINT WARNING * * *
Found a +2 pair of gloves.
The orc priest calls down the wrath of Beogh upon you.
Beogh smites you!
You die...

#.......,,*****+**#.#..#.)...#,*,
........*,#:....,,#..........#,*,
........*.#.....,,###.#......#,*,
.:.#*****..[....,,* #........#,,, ...#
*#......,,* ###......###* .<.#
*****......,,* #......[... ...#
*,,,,....a.#######.......#.. ...#
*,****,,,#...o†o#.oo......#. ####
*,*****,*#.@###.#.........#*
*,,,..........#,,,..,.F..............#,*
,,,,,,,,,#.,,.#.##.##..........#
,,,,,,,,,*,,..#.*#.*#+##########
,,,,,,****,..,#.*#,,,,,,,*
,,,,,,,,,,...,#.****,,,,,*
,,,,,,,,,****,,,* *,,,,,*


You could see a soldier ant (fleeing), an orc warrior, a giant frog (fleeing)
and an orc priest.

Vanquished Creatures
  Josephine (D:10)
  Fannar (D:10)
  A hill giant (D:8)
  2 ugly things (IceCv)
  3 ice statues (IceCv)
  A kobold demonologist (D:11)
  A two-headed ogre (D:10)
  A polar bear (D:11)
  Grinder (D:5)
  8 yaks
  4 wraiths (D:10)
  Grum (D:8)
  2 soldier ants (D:9)
  2 orc warriors
  11 ice beasts
  3 wasps
  2 phantoms
  3 wolves (D:8)
  The ghost of Stormphoenix the Cudgeler, an amateur DrGl (D:3)
  2 ogres
  6 centaurs
  A big kobold (D:6)
  9 giant frogs
  A wyvern zombie (D:7)
  A water moccasin zombie (D:7)
  3 scorpions
  A wyvern skeleton (D:10)
  9 killer bees
  4 howler monkeys
  5 wights (D:9)
  6 crimson imps
  A centaur zombie (D:6)
  A quasit (D:5)
  3 jellies
  10 hounds
  7 orc priests
  9 orc wizards
  3 centaur skeletons
  5 giant frog skeletons
  An iguana (D:5)
  5 worker ants
  A hound zombie (D:2)
  2 hound skeletons
  A howler monkey zombie (D:10)
  A worker ant zombie (D:5)
  3 gnolls (D:5)
  20 adders
  2 howler monkey skeletons
  2 shadow imps (D:5)
  A worker ant simulacrum (D:11)
  4 worms
  3 adder skeletons
  2 adder zombies (D:2)
  4 dart slugs
  4 giant geckos
  40 orcs
  2 ball pythons
  10 bats
  A bat skeleton (D:2)
  5 giant cockroaches
  5 goblins
  15 hobgoblins
  4 jackals (D:3)
  6 quokkas
  3 giant cockroach zombies (D:2)
  4 giant gecko skeletons
  4 giant newts
  A jackal skeleton (D:2)
  A jackal zombie (D:5)
  15 kobolds
  2 quokka skeletons
  12 rats
  A spectral orc (D:8)
323 creatures vanquished.

Notes
Turn   | Place    | Note
--------------------------------------------------------------
     0 | D:1      | Geppetto the Draconian Gladiator began the quest for the Orb.
     0 | D:1      | Reached XP level 1. HP: 17/17 MP: 1/1
   111 | D:1      | Reached XP level 2. HP: 23/24 MP: 2/2
   747 | D:1      | Reached XP level 3. HP: 29/29 MP: 3/3
  1412 | D:2      | Reached XP level 4. HP: 22/36 MP: 4/4
  1541 | D:2      | Found an oddly glowing altar of Pakellas.
  1575 | D:2      | Reached skill level 5 in Long Blades
  2058 | D:2      | Found a sparkling altar of Nemelex Xobeh.
  2305 | D:3      | Reached XP level 5. HP: 39/41 MP: 5/5
  2615 | D:3      | Noticed Stormphoenix's ghost (amateur DrGl)
  2664 | D:3      | Killed Stormphoenix's ghost
  3103 | D:3      | You fall through a shaft for 3 floors!
  3152 | D:5      | Entered Level 5 of the Dungeon
  3175 | D:5      | Reached XP level 6. HP: 44/48 MP: 6/6
  3246 | D:5      | Found a glowing silver altar of Zin.
  3681 | D:5      | Noticed a fire elemental
  4191 | D:3      | Found a shattered altar of Ashenzari.
  4533 | D:3      | Found a shattered altar of Ashenzari.
  4544 | D:3      | Became a worshipper of Ashenzari the Shackled
  4819 | D:4      | Your scales start taking on an icy white colour.
  4819 | D:4      | Reached XP level 7. HP: 55/55 MP: 7/7
  4819 | D:4      | Gained mutation: Your flesh is cold resistant. (rC+) [White Draconian growth]
  5159 | D:4      | Reached skill level 3 in Fighting
  5433 | D:5      | Found a stormy altar of Qazlal.
  5435 | D:5      | Noticed a water elemental
  5436 | D:5      | Noticed an air elemental
  5447 | D:5      | Reached skill level 4 in Fighting
  5462 | D:5      | Noticed Grinder
  5502 | D:5      | Reached skill level 5 in Fighting
  5568 | D:5      | Killed Grinder
  5568 | D:5      | Reached skill level 6 in Fighting
  5568 | D:5      | Reached XP level 8. HP: 71/71 MP: 8/8
  5814 | D:5      | Reached skill level 7 in Fighting
  5936 | D:5      | Found a hazy altar of Hepliaklqana.
  6426 | D:6      | Found a sacrificial altar of Ru.
  6467 | D:6      | Reached * piety under Ashenzari
  6483 | D:6      | Reached skill level 8 in Fighting
  6610 | D:6      | Found a glowing golden altar of the Shining One.
  6720 | D:6      | Reached skill level 9 in Fighting
  7019 | D:6      | Reached XP level 9. HP: 61/85 MP: 9/9
  7317 | D:7      | Reached skill level 10 in Fighting
  8075 | D:7      | Found a staircase to the Ecumenical Temple.
  8160 | D:7      | Reached skill level 11 in Fighting
  8235 | D:7      | Found a glowing silver altar of Zin.
  8328 | D:8      | Noticed a hill giant
  8999 | D:8      | Found a stormy altar of Qazlal.
  9034 | D:8      | Found a staircase to the Lair.
  9148 | D:8      | Killed a hill giant
  9148 | D:8      | Reached skill level 12 in Fighting
  9677 | D:8      | Reached XP level 10. HP: 60/97 MP: 10/10
 10001 | D:8      | Found a sacrificial altar of Ru.
 10002 | D:8      | Noticed Grum
 10091 | D:8      | Killed Grum
 10281 | D:8      | Reached skill level 5 in Dodging
 10569 | D:8      | Found a basalt altar of Yredelemnul.
 10938 | D:9      | Found an ancient bone altar of Kikubaaqudgha.
 10959 | D:9      | Reached skill level 13 in Fighting
 11620 | D:9      | Reached ** piety under Ashenzari
 11620 | D:9      | Found an opulent altar of Gozag.
 11630 | D:9      | Found a snail-covered altar of Cheibriados.
 12558 | D:9      | HP: 3/102 [orc warrior/long sword (14)]
 12804 | D:9      | Reached skill level 14 in Fighting
 13039 | D:9      | Identified a scroll of acquirement
 13040 | D:9      | Got the cursed scimitar of Hell's Wrath {freeze, +Fly rElec rN+}
 13041 | D:9      | Identified the cursed +8 scimitar of Hell's Wrath {freeze, +Fly rElec rN+} (You acquired it on level 9 of the Dungeon)
 13060 | D:10     | Entered Level 10 of the Dungeon
 13145 | D:10     | Noticed Fannar
 13749 | D:10     | Noticed Josephine
 13761 | D:10     | Reached XP level 11. HP: 107/110 MP: 11/11
 13772 | D:10     | Killed Josephine
 14009 | D:10     | Killed Fannar
 14255 | D:10     | Identified the +1 hunting sling "Giantslayer" {velocity, +Inv rElec} (You found it on level 7 of the Dungeon)
 14309 | D:11     | Reached skill level 10 in Long Blades
 14572 | D:11     | Found a frozen archway.
 14583 | IceCv    | Entered an ice cave
 14703 | IceCv    | Learned a level 3 spell: Regeneration
 14706 | IceCv    | Learned a level 2 spell: Shroud of Golubria
 14709 | IceCv    | Learned a level 2 spell: Song of Slaying
 14710 | IceCv    | Noticed a white ugly thing
 14732 | IceCv    | Killed a white ugly thing
 14954 | IceCv    | Reached skill level 1 in Charms
 15166 | IceCv    | Noticed a white ugly thing
 15324 | IceCv    | Killed a white ugly thing
 15478 | IceCv    | Identified the +10 dagger of Vankiace {drain, MR+ Dex+4}
 15486 | IceCv    | Identified Lehudib's Handbook of Attacks and Stones
 15567 | D:11     | HP: 4/110 [orc priest/divine providence (14)]
 15568 | D:11     | Killed from afar by an orc priest

Vault maps used:
D:1:      shiori_shiawase, st_stairs_4
D:2:      lemuel_doored_altar, nemelex_altar_shiori, serial_undead,
          serial_undead_a, serial_undead_c, serial_undead_d, serial_undead_f,
          serial_undead_e, serial_undead_f
D:3:      wad_crossroads, lemuel_round_altar, nicolae_ashenzari_panopticon
D:5:      nicolae_overflow_hidden_temple, basic_altar, first_bread,
          nicolae_qazlal_style_of_elements, uniq_grinder
D:6:      tso_metal_star, basic_altar
D:7:      zin_academy, minmay_temple_entry_mist
D:8:      lemuel_round_altar, lemuel_round_altar,
          yredelemnul_forgotten_temple_becter, uniq_grum
D:9:      kennysheep_mini_moat, minitemple, hangedman_pestilent_swarm
D:10:     grunt_ministairs_13, uniq_josephine, uniq_fannar
D:11:     orc_0_dummy, special_room, serial_ice, serial_ice_g, serial_ice_k,
          serial_ice_h, serial_ice_a, serial_ice_e, serial_ice_d,
          portal_ice_cave_entry_pillars_1
IceCv:    ice_cave_statue_garden_chambered

Skill      XL: |  1  2  3  4  5  6  7  8  9 10 11 |
---------------+----------------------------------+-----
Long Blades    | 4 5 6 8 11 | 11.0
Fighting       | 6 9 12 14 | 14.0
Dodging        | 4 6 7 |  7.9
Charms         | 1 |  1.9
Throwing       | |  1.7

Action                   |  1- 3 |  4- 6 |  7- 9 | 10-12 || total
-------------------------+-------+-------+-------+-------++-------
Melee: Long sword        |   118 |   309 |   434 |   323 ||  1184
       Tailslap          |    12 |    37 |    45 |    88 ||   182
       Scimitar          |       |       |       |   293 ||   293
Throw: Stone             |    25 |    24 |       |       ||    49
       Throwing net      |     3 |     9 |     5 |     2 ||    19
       Tomahawk          |       |    27 |     5 |       ||    32
Invok: Curse Item        |       |     2 |     1 |     1 ||     4
 Abil: Breathe Frost     |       |       |    34 |    21 ||    55
  Use: Scroll            |     2 |     9 |     6 |     9 ||    26
       Potion            |       |     1 |     5 |     5 ||    11
 Stab: Sleeping          |       |     2 |       |     1 ||     3
       Held in net/web   |       |       |       |     3 ||     3
  Eat: Chunk             |     1 |    12 |    18 |    15 ||    46
       Pizza             |       |       |     2 |       ||     2
       Bread ration      |       |       |       |     2 ||     2
       Beef jerky        |       |       |       |     1 ||     1
Armor: Skin              |    37 |   103 |   146 |   218 ||   504
Dodge: Dodged            |    87 |   218 |   312 |   441 ||  1058
